 Dungeon Crawl Stone Soup version 0.31.0-9-g3a7656b989 (webtiles) character file.

Game seed: 3320691475583111400

15803 qw the Nimble (level 12, -1/60 HPs)
             Began as a Spriggan Hunter on Feb 2, 2024.
             Was a High Priest of Okawaru.
             Slain by an ice devil (22 damage)
             ... summoned by an obsidian statue
             ... on level 11 of the Dungeon.
             The game lasted 00:01:05 (9890 turns).

qw the Nimble (Spriggan Hunter)                     Turns: 9890, Time: 00:01:06

Health: -1/60      AC: 10    Str:  7    XL:     12   Next: 4%
Magic:  20/20      EV: 35    Int: 11    God:    Okawaru [*****.]
Gold:   594        SH:  5    Dex: 32    Spells: 11/11 levels left

rFire   . . .        l - +1 orcbow
rCold   . . .        (shield currently unavailable)
rNeg    . . .        r - +0 troll leather armour
rPois   +            c - +1 hat "Irreph" {rPois Will+ rCorr Dex+3}
rElec   .            u - +1 cloak
rCorr   +            (gloves unavailable)
SInv    +            (boots unavailable)
Will    +++..        o - amulet of reflection
Stlth   +++          t - +4 ring of protection
HPRegen 1.10/turn    j - +6 ring of dexterity
MPRegen 0.17/turn

%: reflection
@: very quick
A: very small, no large weapons, unfitting armour, see invisible, speed 3
a: Renounce Religion, Heroism, Finesse, Duel


You were on level 11 of the Dungeon.
You worshipped Okawaru.
Okawaru was extremely pleased with you.
You visited 2 branches of the dungeon, and saw 12 of its levels.

You collected 924 gold pieces.
You spent 330 gold pieces at shops.


Innate Abilities, Weirdness & Mutations

You are very small and have problems with some larger weapons.
You are too small for most types of armour.
You have supernaturally acute eyesight. (SInv)
You cover ground extremely quickly. (Speed+++)


   Skills:
 - Level 5.0 Fighting
 + Level 12.3 Ranged Weapons
 - Level 2.4 Armour
 - Level 14.0 Dodging
 - Level 1.5 Stealth
 + Level 9.9 Invocations


You had 11 spell levels left.
You didn't know any spells.
Your spell library was empty.

Inventory:

Hand Weapons
 l - a +1 orcbow (weapon)
Armour
 c - the +1 hat "Irreph" (worn) {rPois Will+ rCorr Dex+3}
   (You acquired it on level 9 of the Dungeon)

   Dex+3:     It affects your dexterity (+3).
   rPois:     It protects you from poison Will+: It increases your willpower.
   rCorr:     It protects you from acid and corrosion.
 r - a +0 troll leather armour (worn)
 u - a +1 cloak (worn)
Jewellery
 i - an amulet of faith
 j - a +6 ring of dexterity (right hand)
 n - a ring of fire
 o - an amulet of reflection (around neck)
 t - a +4 ring of protection (left hand)
 v - a ring of ice
Wands
 g - a wand of mindburst (6)
 k - a wand of iceblast (7)
 w - a wand of light (6)
Scrolls
 m - 3 scrolls of teleportation
 x - a scroll of summoning {unknown}
Potions
 a - a potion of resistance
 b - 3 potions of magic
 d - 3 potions of curing
 e - a potion of might
 f - a potion of heal wounds
 h - 2 potions of enlightenment
 p - a potion of haste
 q - 2 potions of mutation
 s - a potion of brilliance {unknown}

Dungeon Overview and Level Annotations

Branches:
Dungeon (11/15)            Temple (1/1) D:4            Lair (0/5) D:11
    Orc (0/2) D:9

Altars:
Ashenzari
Cheibriados
Dithmenos
Elyvilon
Fedhas
Gozag
Hepliaklqana
Kikubaaqudgha
Makhleb
Nemelex Xobeh
Okawaru
Qazlal
Ru
Sif Muna
Trog
Uskayaw
Vehumet
Wu Jian
Xom
Yredelemnul
Zin
The Shining One

Shops:
D:6 =

Annotations:
D:8 6 transporters
D:9 exclusion: goblin


Message History

You shoot an arrow. The arrow hits the rust devil!
You kill the rust devil!
The rust devil disappears in a puff of smoke!
You shoot an arrow. The arrow hits the chaos spawn.
The chaos spawn is lightly wounded.
The chaos spawn completely misses you.
You shoot an arrow. The arrow hits the chaos spawn.
The chaos spawn is moderately wounded.
The chaos spawn completely misses you.
You shoot an arrow.
The arrow hits the chaos spawn but does no damage.
The chaos spawn is moderately wounded.
The chaos spawn releases spores at you. The chaos spawn shocks you!
You shoot an arrow. The arrow hits the chaos spawn!
The chaos spawn is severely wounded.
You are no longer corroded.
You shoot an arrow.
The arrow hits the chaos spawn but does no damage.
The chaos spawn is severely wounded.
The chaos spawn closely misses you.
You shoot an arrow.
The arrow barely misses the chaos spawn.
The arrow hits the ice devil.
The ice devil is lightly wounded.
The chaos spawn degenerates into a cloud of primal chaos!
You shoot an arrow. The arrow hits the ice devil!
The ice devil is moderately wounded.
The ice devil is engulfed in seething chaos.
The ice devil misses you.
You shoot an arrow. The arrow hits the ice devil!
The ice devil is severely wounded.
The ice devil is engulfed in seething chaos.
The ice devil hits you. The ice devil freezes you!!
You shoot an arrow.
The arrow hits the ice devil but does no damage.
The ice devil is severely wounded.
The ice devil is engulfed in seething chaos.
The ice devil flies into a frenzy!
The ice devil hits you! The ice devil freezes you!!
You die...

##........# #....#
#........# #..4.#
#......?.# #.<..#
###'###### #ยค...#
#..># .... ###.# ###'#
#.### #...# #...#
#4### ###.# ##@#####
########(## ###......#
#......)).# #.'......#
#.........# #.#......#
'.........###.#......#
#.........##.!#......#
#.........#..##.....)#
#.........#.###......#
#.........'.# #......#


You could see a neutral ice devil (summoned, fast, strong, frenzied).

Vanquished Creatures
  Erolcha (D:10)
  Harold (D:9)
  2 boulder beetles
  4 two-headed ogres
  Nergalle (D:10)
  A deep elf pyromancer (D:9)
  An ugly thing (D:11)
  A cyclops (D:11)
  Maurice (D:8)
  A gargoyle (D:11)
  A kobold demonologist (D:9)
  A tengu conjurer (D:9)
  A hornet (D:10)
  3 trolls
  2 wraiths
  2 shadows (D:9)
  5 vampires
  9 yaks
  2 steam dragons
  Menkaure (D:4)
  4 water moccasins
  6 orc warriors
  A sky beast (D:8)
  3 centaurs
  2 ogres
  A phantom (D:6)
  A kobold brigand (D:10)
  A bullfrog (D:9)
  3 scorpions (D:5)
  8 wights
  20 killer bees
  2 howler monkeys
  2 bombardier beetles
  5 hounds
  2 jellies
  9 orc priests
  3 sleepcaps
  3 iguanas
  12 orc wizards
  A statue (D:5)
  8 adders
  A shadow imp (D:8)
  A white imp (D:7)
  2 ribbon worms (D:3)
  A dart slug (D:1)
  51 orcs
  9 endoplasms
  3 giant cockroaches
  7 hobgoblins
  10 jackals (D:3)
  6 quokkas
  5 ball pythons
  5 bats
  A frilled lizard (D:1)
  13 goblins
  10 kobolds
  3 rats
266 creatures vanquished.

Notes
Turn   | Place    | Note
-------+----------+-------------------------------------------
     0 | D:1      | qw the Spriggan Hunter began the quest for the Orb.
     0 | D:1      | Reached XP level 1. HP: 10/10 MP: 2/2
     0 | D:1      | 0 ||| qw: Version: 0.3-a-155-g5e7d8dd
     0 | D:1      | 0 ||| qw: Game counter: 1548
     0 | D:1      | 0 ||| qw: Melee chars always use a shield: true
     0 | D:1      | 0 ||| qw: God list: Okawaru
     0 | D:1      | 0 ||| qw: Allow faded altars: false
     0 | D:1      | 0 ||| qw: Do Orc after clearing Dungeon:15 true
     0 | D:1      | 0 ||| qw: Do second Lair branch before Depths: true
     0 | D:1      | 0 ||| qw: Lair rune preference: random
     0 | D:1      | 0 ||| qw: Goals: Normal
     0 | D:1      | 0 ||| PLANNING D:1-11
    31 | D:1      | Reached skill level 3 in Dodging
   117 | D:1      | Reached XP level 2. HP: 14/14 MP: 3/3
   196 | D:1      | Reached skill level 4 in Dodging
   634 | D:1      | 634 ||| READING scroll labelled XIZXINK VAOWN.
   635 | D:1      | 635 ||| READING scroll labelled BEHION GETIPHOAJ.
   640 | D:1      | 640 ||| DROPPING scroll of butterflies.
   663 | D:2      | Found an opulent altar of Gozag.
   667 | D:2      | Reached XP level 3. HP: 18/18 MP: 4/4
   805 | D:2      | HP: 4/18 [poisoned by an adder]
   809 | D:2      | HP: 1/18 [poisoned by an adder]
  1024 | D:2      | Reached XP level 4. HP: 17/22 MP: 5/5
  1483 | D:2      | 1483 ||| DROPPING scarf of invisibility.
  1484 | D:2      | 1484 ||| UPGRADING to ring of positive energy.
  1485 | D:2      | 1485 ||| READING 3 scrolls labelled NIUGIL RYAVI.
  1485 | D:2      | 1485 ||| IDENTIFYING inky potion
  1486 | D:2      | 1486 ||| READING 2 scrolls of identify.
  1486 | D:2      | 1486 ||| IDENTIFYING viscous red potion
  1487 | D:2      | 1487 ||| READING scroll of identify.
  1487 | D:2      | 1487 ||| IDENTIFYING bubbling black potion
  1488 | D:2      | 1488 ||| READING scroll labelled DYMAXK ULLUCS.
  1489 | D:2      | 1489 ||| READING scroll labelled CATISSI NIMAI.
  1490 | D:2      | 1490 ||| READING scroll labelled BIUFIA LENGYSA.
  1491 | D:2      | 1491 ||| READING scroll labelled ITOANO KOYJI.
  1572 | D:3      | Found a shimmering blue altar of Sif Muna.
  1709 | D:3      | Reached skill level 5 in Dodging
  2198 | D:3      | 2198 ||| READING scroll labelled IHUS EFURAO.
  2299 | D:3      | 2299 ||| DRINKING 2 murky ruby potions.
  2309 | D:4      | 2309 ||| STAIRDANCE
  2313 | D:4      | 2313 ||| STAIRDANCE
  2371 | D:4      | 2371 ||| STAIRDANCE
  2380 | D:3      | Reached XP level 5. HP: 11/26 MP: 6/6
  2519 | D:4      | Noticed Menkaure
  2522 | D:4      | 2522 ||| FLEEEEING.
  2523 | D:4      | 2523 ||| FLEEEEING.
  2524 | D:4      | 2524 ||| STAIRDANCE
  2562 | D:4      | 2562 ||| STAIRDANCE
  2640 | D:4      | 2640 ||| ZAPPING wand of iceblast (7) at 2,-2 (Menkaure;
                  | floor).
  2641 | D:4      | 2641 ||| ZAPPING wand of iceblast (6) at 2,-2 (Menkaure;
                  | floor).
  2642 | D:4      | 2642 ||| ZAPPING wand of iceblast (5) at 2,-2 (Menkaure;
                  | floor).
  2643 | D:4      | 2643 ||| ZAPPING wand of iceblast (4) at 2,-2 (Menkaure;
                  | floor).
  2643 | D:4      | Killed Menkaure
  2644 | D:4      | Reached skill level 6 in Ranged Weapons
  2644 | D:4      | Reached XP level 6. HP: 30/30 MP: 7/7
  2646 | D:4      | 2646 ||| STAIRDANCE
  2698 | D:4      | 2698 ||| STAIRDANCE
  2707 | D:4      | 2707 ||| STAIRDANCE
  2752 | D:4      | 2752 ||| STAIRDANCE
  2797 | D:4      | Reached skill level 6 in Dodging
  2839 | D:4      | Found a staircase to the Ecumenical Temple.
  2841 | D:4      | 2841 ||| PLANNING TEMPLE
  2853 | Temple   | Entered the Ecumenical Temple
  2854 | Temple   | 2854 ||| PLANNING OKAWARU WORSHIP
  2872 | Temple   | Became a worshipper of Warmaster Okawaru
  2873 | Temple   | 2873 ||| PLANNING D:1-11
  3104 | D:4      | Found an ancient bone altar of Kikubaaqudgha.
  3208 | D:4      | 3208 ||| UPGRADING to +6 ring of dexterity.
  3209 | D:4      | 3209 ||| READING scroll of identify.
  3209 | D:4      | 3209 ||| IDENTIFYING metallic amethyst potion
  3210 | D:4      | 3210 ||| READING scroll labelled KITITR CAMY.
  3217 | D:5      | Entered Level 5 of the Dungeon
  3239 | D:5      | HP: 5/30 [ogre/+0 giant club (25)]
  3240 | D:5      | 3240 ||| READING 5 scrolls of teleportation.
  3241 | D:5      | 3241 ||| DRINKING potion of heal wounds.
  3363 | D:5      | Reached XP level 7. HP: 35/35 MP: 8/8
  3399 | D:5      | Reached * piety under Okawaru
  3400 | D:5      | Reached skill level 7 in Dodging
  3403 | D:5      | Reached skill level 1 in Invocations
  3457 | D:5      | Found a radiant altar of Vehumet.
  3480 | D:5      | 3480 ||| FLEEEEING.
  3481 | D:5      | 3481 ||| FLEEEEING.
  3482 | D:5      | 3482 ||| FLEEEEING.
  3796 | D:5      | Reached skill level 8 in Dodging
  3981 | D:5      | 3981 ||| SWAPPING to +0 orcbow.
  3982 | D:5      | 3982 ||| DROPPING +0 shortbow.
  4306 | D:6      | Reached skill level 3 in Invocations
  4306 | D:6      | Reached XP level 8. HP: 39/39 MP: 11/11
  4351 | D:6      | Reached ** piety under Okawaru
  4441 | D:6      | Reached skill level 9 in Dodging
  4753 | D:6      | Found Mohyv's Jewellery Emporium.
  4761 | D:6      | 4761 ||| SHOPLISTING +5 ring of evasion (396 gold, have
                  | 375).
  4761 | D:6      | 4761 ||| BUYING amulet of reflection (330 gold).
  4761 | D:6      | Bought an amulet of reflection for 330 gold pieces
  4761 | D:6      | 4761 ||| SHOPLISTING ring of poison resistance (220 gold,
                  | have 45).
  4845 | D:6      | 4845 ||| UPGRADING to amulet of reflection.
  4850 | D:6      | 4850 ||| READING scroll of identify.
  4850 | D:6      | 4850 ||| IDENTIFYING bubbling pink potion
  4851 | D:6      | 4851 ||| DROPPING potion of ambrosia.
  4950 | D:7      | 4950 ||| INVOKING Heroism.
  4954 | D:7      | Reached skill level 3 in Fighting
  4961 | D:7      | HP: 10/40 [poisoned by a killer bee]
  4962 | D:7      | 4962 ||| READING 5 scrolls of teleportation.
  4966 | D:7      | HP: 7/40 [poisoned by a killer bee]
  4967 | D:7      | 4967 ||| READING 4 scrolls of teleportation.
  4968 | D:7      | 4968 ||| FLEEEEING.
  4969 | D:7      | 4969 ||| FLEEEEING.
  4970 | D:7      | 4970 ||| FLEEEEING.
  4971 | D:7      | 4971 ||| FLEEEEING.
  5282 | D:7      | Reached skill level 9 in Ranged Weapons
  5323 | D:7      | Reached XP level 9. HP: 29/44 MP: 13/13
  5424 | D:7      | 5424 ||| RETREEEEATING.
  5426 | D:7      | 5426 ||| RETREEEEATING.
  5428 | D:7      | 5428 ||| RETREEEEATING.
  5430 | D:7      | 5430 ||| RETREEEEATING.
  5432 | D:7      | 5432 ||| RETREEEEATING.
  5557 | D:7      | Reached skill level 10 in Dodging
  5604 | D:7      | Reached *** piety under Okawaru
  5930 | D:7      | 5930 ||| READING scroll of identify.
  5930 | D:7      | 5930 ||| IDENTIFYING viscous puce potion
  5931 | D:7      | 5931 ||| READING scroll labelled XUZ RUEGUIQY.
  5932 | D:7      | 5932 ||| DRINKING 2 fizzy coppery potions.
  5933 | D:7      | 5933 ||| DROPPING potion of degeneration.
  6009 | D:8      | Found a transporter.
  6010 | D:8      | Found a transporter.
  6062 | D:8      | Found a transporter.
  6067 | D:8      | Reached skill level 11 in Dodging
  6230 | D:8      | Found a transporter.
  6246 | D:8      | Noticed a two-headed ogre
  6247 | D:8      | 6247 ||| INVOKING Heroism.
  6256 | D:8      | Killed a two-headed ogre
  6375 | D:8      | Found a transporter.
  6379 | D:8      | Found a transporter.
  6440 | D:8      | Noticed a troll
  6441 | D:8      | 6441 ||| INVOKING Heroism.
  6444 | D:8      | Killed a troll
  6532 | D:8      | Found a hide-covered altar of Uskayaw.
  6534 | D:8      | 6534 ||| RETREEEEATING.
  6627 | D:8      | Found a bloodstained altar of Trog.
  6628 | D:8      | Found a white marble altar of Elyvilon.
  6630 | D:8      | Found a basalt altar of Yredelemnul.
  6703 | D:8      | Reached skill level 12 in Dodging
  6711 | D:8      | Reached **** piety under Okawaru
  6712 | D:8      | Reached XP level 10. HP: 47/49 MP: 14/14
  6792 | D:8      | Noticed Maurice
  6793 | D:8      | 6793 ||| INVOKING Finesse.
  6800 | D:8      | Killed Maurice
  6990 | D:8      | 6990 ||| UPGRADING to +0 troll leather armour.
  7000 | D:8      | 7000 ||| DROPPING +0 robe.
  7001 | D:8      | 7001 ||| UPGRADING to +1 cloak.
  7006 | D:8      | 7006 ||| UPGRADING to +4 ring of protection.
  7008 | D:8      | 7008 ||| DROPPING ring of positive energy.
  7009 | D:8      | 7009 ||| READING scroll of identify.
  7009 | D:8      | 7009 ||| IDENTIFYING fizzy grey potion
  7010 | D:8      | 7010 ||| READING scroll labelled NICYMM AGI FAC.
  7010 | D:8      | 7010 ||| ENCHANTING +0 orcbow.
  7011 | D:8      | 7011 ||| DROPPING potion of attraction.
  7190 | D:9      | 7190 ||| INVOKING Finesse.
  7253 | D:9      | Noticed a two-headed ogre
  7254 | D:9      | Noticed a two-headed ogre
  7254 | D:9      | 7254 ||| RETREEEEATING.
  7255 | D:9      | 7255 ||| RETREEEEATING.
  7258 | D:9      | 7258 ||| INVOKING Finesse.
  7269 | D:9      | 7269 ||| INVOKING Finesse.
  7270 | D:9      | 7270 ||| INVOKING Finesse.
  7275 | D:9      | Killed a two-headed ogre
  7282 | D:9      | Killed a two-headed ogre
  7450 | D:9      | Found a flagged portal.
  7459 | D:9      | Reached ***** piety under Okawaru
  7460 | D:9      | Reached skill level 13 in Dodging
  7481 | D:9      | Found the +16 obsidian axe {drain, demonic, Mesm ^Drain Fly
                  | SInv}
  7515 | D:9      | Reached skill level 6 in Invocations
  7554 | D:9      | Found a staircase to the Orcish Mines.
  7596 | D:9      | 7596 ||| RETREEEEATING.
  7597 | D:9      | 7597 ||| RETREEEEATING.
  7599 | D:9      | 7599 ||| RETREEEEATING.
  7600 | D:9      | 7600 ||| RETREEEEATING.
  7601 | D:9      | 7601 ||| RETREEEEATING.
  7608 | D:9      | 7608 ||| RETREEEEATING.
  7692 | D:9      | Noticed a boulder beetle
  7693 | D:9      | 7693 ||| INVOKING Finesse.
  7719 | D:9      | Noticed Harold
  7734 | D:9      | Killed a boulder beetle
  7735 | D:9      | Reached XP level 11. HP: 25/53 MP: 13/17
  7736 | D:9      | 7736 ||| INVOKING Finesse.
  7743 | D:9      | Killed Harold
  7900 | D:9      | Noticed a deep elf pyromancer
  7901 | D:9      | 7901 ||| INVOKING Finesse.
  7909 | D:9      | Killed a deep elf pyromancer
  7969 | D:9      | 7969 ||| DRINKING 4 potions of curing.
  7969 | D:9      | 7969 ||| (to cure confusion)
  8211 | D:9      | Found a shadowy altar of Dithmenos.
  8311 | D:9      | 8311 ||| READING scroll labelled EFFAJUSHR KAUNIAM.
  8311 | D:9      | Identified a scroll of acquirement
  8311 | D:9      | 8311 ||| ACQUIRING +1 hat "Irreph" {rPois Will+ rCorr
                  | Dex+3}
  8311 | D:9      | Acquired the +1 hat "Irreph" {rPois Will+ rCorr Dex+3}
  8313 | D:9      | 8313 ||| UPGRADING to +1 hat "Irreph" {rPois Will+ rCorr
                  | Dex+3}.
  8341 | D:10     | Entered Level 10 of the Dungeon
  8341 | D:10     | Noticed Erolcha
  8342 | D:10     | 8342 ||| INVOKING Finesse.
  8346 | D:10     | 8346 ||| STAIRDANCE
  8378 | D:10     | 8378 ||| STAIRDANCE
  8383 | D:9      | Reached skill level 12 in Ranged Weapons
  8385 | D:10     | 8385 ||| INVOKING Finesse.
  8392 | D:10     | Killed Erolcha
  8400 | D:10     | 8400 ||| STAIRDANCE
  8432 | D:10     | 8432 ||| STAIRDANCE
  8457 | D:10     | HP: 3/53 [orc priest/divine providence (14)]
  8458 | D:10     | 8458 ||| READING 4 scrolls of teleportation.
  8459 | D:10     | 8459 ||| DRINKING 2 potions of heal wounds.
  8578 | D:10     | Found an opulent altar of Gozag.
  8632 | D:10     | Noticed Nergalle
  8634 | D:10     | 8634 ||| INVOKING Finesse.
  8657 | D:10     | Killed Nergalle
  8754 | D:10     | 8754 ||| RETREEEEATING.
  8756 | D:10     | 8756 ||| RETREEEEATING.
  8765 | D:10     | 8765 ||| RETREEEEATING.
  8766 | D:10     | 8766 ||| RETREEEEATING.
  8767 | D:10     | 8767 ||| RETREEEEATING.
  8768 | D:10     | 8768 ||| RETREEEEATING.
  8769 | D:10     | 8769 ||| RETREEEEATING.
  8770 | D:10     | 8770 ||| RETREEEEATING.
  8771 | D:10     | 8771 ||| RETREEEEATING.
  8784 | D:10     | Reached skill level 14 in Dodging
  8940 | D:10     | Reached skill level 9 in Invocations
  9049 | D:10     | 9049 ||| DROPPING ring of resist corrosion.
  9050 | D:10     | 9050 ||| READING 2 scrolls of identify.
  9050 | D:10     | 9050 ||| IDENTIFYING emerald potion
  9051 | D:10     | 9051 ||| READING scroll of identify.
  9051 | D:10     | 9051 ||| IDENTIFYING 2 black potions
  9052 | D:10     | 9052 ||| READING scroll labelled OMID KESOSINUA.
  9080 | D:11     | Found a staircase to the Lair.
  9117 | D:11     | Noticed a purple ugly thing
  9118 | D:11     | 9118 ||| INVOKING Finesse.
  9133 | D:11     | Killed a purple ugly thing
  9398 | D:11     | Noticed a two-headed ogre
  9399 | D:11     | 9399 ||| INVOKING Finesse.
  9410 | D:11     | Killed a two-headed ogre
  9415 | D:11     | Received a gift from Okawaru
  9450 | D:11     | Noticed a boulder beetle
  9451 | D:11     | 9451 ||| INVOKING Finesse.
  9472 | D:11     | Killed a boulder beetle
  9473 | D:11     | Reached XP level 12. HP: 60/60 MP: 15/20
  9535 | D:11     | 9535 ||| RETREEEEATING.
  9536 | D:11     | 9536 ||| RETREEEEATING.
  9538 | D:11     | 9538 ||| RETREEEEATING.
  9670 | D:11     | 9670 ||| RETREEEEATING.
  9741 | D:11     | 9741 ||| RETREEEEATING.
  9797 | D:11     | 9797 ||| RETREEEEATING.
  9815 | D:11     | 9815 ||| Stepping ~*~*~tactically~*~*~ (cloud).
  9858 | D:11     | 9858 ||| RETREEEEATING.
  9864 | D:11     | 9864 ||| RETREEEEATING.
  9890 | D:11     | Slain by an ice devil

Levels and vault maps discovered:
D:1:      lightli_arrival_quake, layout_basic, minivault_19
D:2:      layout_basic, basic_altar
D:3:      layout_basic, mainiacjoe_overflow_paths, serial_corexii_hall,
          corexii_hall_statues_x, chequers_hall_statues_wall_a,
          corexii_hall_statues_u, corexii_hall_statues_l,
          nicolae_concentric_dashed_squares_mild
D:4:      layout_rooms, nicolae_kikubaaqudgha_miasma_corner,
          minmay_temple_entry_wispy, uniq_menkaure
D:5:      layout_loops_ring, vehumet_statue
D:6:      layout_loops_cross, serial_shops, shop_statue,
          kennysheep_generic_room_6
D:7:      layout_loops_ring
D:8:      layout_loops_cross, minitemple, serial_nicolae_subway,
          nicolae_sub_station_metal, nicolae_sub_station_crystal,
          nicolae_sub_station_stone, uniq_maurice
D:9:      cheibrodos_barr_body, layout_basic, mainiacjoe_overflow_alcove_1,
          hiddenorc1_lemuel, enter_bailey_5, serial_library,
          serial_library_hellmonk_room_c, serial_library_hellmonk_hallway_a,
          serial_library_hellmonk_open_cross,
          serial_library_hellmonk_open_cross,
          serial_library_regret_index_headful, nzn_sisyphean_effort, uniq_harold
D:10:     layout_rooms, general_overflow_altar, serial_bayou_crossing,
          uniq_erolcha, uniq_nergalle
D:11:     layout_roguey, lair_entry_dummy, serial_shops, statue_bzr
Temple:   nicolae_temple_god_jail

Skill      XL: |  1  2  3  4  5  6  7  8  9 10 11 |
---------------+----------------------------------+-----
Dodging        | 3 4 5 6 8 9 12 13 14 | 14.0
Ranged Weapons | 5 6 7 9 10 11 12 | 12.3
Fighting       | 2 3 4 5 |  5.0
Invocations    | 3 4 6 9 |  9.9
Armour         | 2 |  2.4
Stealth        | |  1.5

Action                     |  1- 3 |  4- 6 |  7- 9 | 10-12 || total
---------------------------+-------+-------+-------+-------++-------
   Fire: Shortbow          |   102 |   178 |    64 |       ||   344
         Orcbow            |       |       |   283 |   645 ||   928
 Invoke: Heroism           |       |       |     3 |       ||     3
         Finesse           |       |       |       |    12 ||    12
  Evoke: Wand              |       |     4 |       |       ||     4
    Use: Scroll            |     2 |    11 |     5 |     7 ||    25
         Potion            |       |     2 |     1 |     2 ||     5
 Armour: Robe              |    13 |    40 |    44 |     1 ||    98
         Troll leather arm |       |       |       |    79 ||    79
  Dodge: Dodged            |    46 |   110 |   135 |   424 ||   715
  Block: Other             |       |       |    16 |    73 ||    89
         Reflection        |       |       |       |     2 ||     2

Table legend:
 A = Non-vault XP
 B = Vault XP
 C = Vault XP percentage of total XP
 D = Non-vault monster count
 E = Vault monster count
 F = Vault count percentage of total count
                 A         B        C        D         E       F
            +---------+---------+-------+---------+---------+-------
      Total |   13476 |    9101 |  40.3 |     218 |      48 |  18.0
            +---------+---------+-------+---------+---------+-------
        D:1 |      37 |       0 |   0.0 |      23 |       0 |   0.0
        D:2 |      84 |       0 |   0.0 |      21 |       0 |   0.0
        D:3 |     164 |       0 |   0.0 |      30 |       0 |   0.0
        D:4 |     213 |     165 |  43.7 |      12 |       1 |   7.7
        D:5 |     660 |      32 |   4.6 |      16 |       1 |   5.9
        D:6 |     548 |      80 |  12.7 |      16 |       2 |  11.1
        D:7 |    1436 |       0 |   0.0 |      25 |       0 |   0.0
        D:8 |    2223 |     494 |  18.2 |      28 |       1 |   3.4
        D:9 |    1758 |    6666 |  79.1 |      19 |      41 |  68.3
       D:10 |    2213 |    1664 |  42.9 |      18 |       2 |  10.0
       D:11 |    4140 |       0 |   0.0 |      10 |       0 |   0.0
            +---------+---------+-------+---------+---------+-------
